cohdb
Replays
Latest Replays
All Replays
Popular Replays
Top Player Replays
Match Explorer
How It Works
Community
CoH3 Stats
Reddit
Sign in to upload your games and track your stats! →
Sign in with Steam
Match 43107205
Unlisted
Match 43107205
Overview
Messages
Build Orders
End
Panzerpioneer Squad
Selects Battlefield Espionage Battlegroup
Panzergrenadier Squad
Panzergrenadier Squad
Construct Light Support Kompanie
2.5-tonne Medical Truck
250 Light Carrier
Combat Half-tracks
Selects 250/3 Funkpanzerwagen
Construct Mechanized Kompanie
Panzerjäger Mechanized Group
Vehicle Survival Package
Selects Sector Subterfuge Beacon
Selects Plunder
8 Rad Armored Car
Support Armor Elements
Selects Anti-Tank Incendiary Munitions
Veteran Squad Leaders
StuG III D Assault Gun
Pak 38 Anti-tank Gun Team
Panzerpioneer Squad
Selects Firestorm
Construct Panzerarmee Kommand
Firestorm
Pak 38 Mechanized Group
Walking Stuka Rocket Launcher
Emergency Repair Kits
silverhand
SezearIQ
ConcernedApe
purepinoy
0
0
Comments
sign in to comment!
No comments posted yet!